 Dungeon Crawl Stone Soup version 0.31.0-11-ge490571c62 (webtiles) character file.

Game seed: 14921972385969699777

9277 Drazool the Thaumaturge (level 11, -1/94 HPs)
             Began as a Naga Ice Elementalist on Feb 2, 2024.
             Was a High Priest of Vehumet.
             Slain by a vampire
             ... wielding a +1 vampiric glaive
              (9 damage)
             ... in a bailey.
             The game lasted 00:44:27 (9392 turns).

Drazool the Thaumaturge (Naga Ice Elementalist)     Turns: 9392, Time: 00:44:29

Health: -1/94      AC: 11    Str: 11    XL:     11   Next: 44%
Magic:  5/23       EV: 10    Int: 31    God:    Vehumet [*****.]
Gold:   429        SH:  0    Dex: 12    Spells: 4/26 levels left

rFire   + . .        d - +1 quarterstaff
rCold   . . .        (shield currently unavailable)
rNeg    . . .        w - +3 leather armour of Popuodax {rF+ Int+6}
rPois   +            j - +0 helmet
rElec   .            F - +1 cloak
rCorr   .            (no gloves)
SInv    +            (no barding)
Will    +....        f - amulet of magic regeneration
Stlth   +++          I - +6 ring of intelligence
HPRegen 0.35/turn    L - ring of flight
MPRegen 0.58/turn

%: no passive effects
@: freezing walls, flying, very slightly contaminated, very slow
A: AC +3, large, see invisible, deformed body, poison resistance, slowness 2,
spit poison 1, naga tail 1
a: Spit Poison, Renounce Religion


You were in a bailey.
You worshipped Vehumet.
Vehumet was extremely pleased with you.
You visited 1 branch of the dungeon, and saw 10 of its levels.
You also visited: Ossuary and Bailey.

You collected 429 gold pieces.


Innate Abilities, Weirdness & Mutations

Your serpentine skin is tough. (AC +3)
You have supernaturally acute eyesight. (SInv)
Armour fits poorly on your strangely shaped body.
Your system is resistant to poisons. (rPois)
You cover ground very slowly.
You can spit poison.
You have a snake-like lower body.


   Skills:
 - Level 5.0 Fighting
 - Level 3.3 Staves
 - Level 4.0 Dodging
 - Level 5.0 Stealth
 - Level 8.0 Spellcasting
 - Level 7.0 Conjurations
 - Level 7.0 Translocations
 - Level 5.0 Fire Magic
 - Level 6.1 Ice Magic
 + Level 3.1 Alchemy
 - Level 4.0 Evocations


You had 4 spell levels left.
You knew the following spells:

 Your Spells              Type           Power      Damage    Failure   Level
f - Freeze                Ice            100%       1d10      1%          1
i - Irradiate             Conj/Alch      21%        3d18      5%          5
o - Ozocubu's Armour      Ice            50%        N/A       1%          3
r - Frozen Ramparts       Ice            100%       1d16      1%          3
x - Foxfire               Conj/Fire      100%       2x1d9     1%          1
X - Scorch                Fire           86%        2d8       1%          2
Y - Volatile Blastmotes   Fire/Tloc      98%        2d18      1%          3
Z - Iskenderun's Mystic   Conj/Tloc      54%        2d12      1%          4

Your spell library contained the following spells:

 Spells                   Type           Power      Damage    Failure   Level
 Starburst                Conj/Fire      24%        6d8       17%         6
 Shock                    Conj/Air       100%       1d9       1%          1
 Inner Flame              Hex/Fire       27%        N/A       1%          3
 Flame Wave               Conj/Fire      49%        2d12      1%          4
 Sticky Flame             Fire/Alch      37%        2d8       2%          4
 Summon Ice Beast         Ice/Summ       31%        N/A       4%          3
 Airstrike                Air            6%         2d(1-17)  13%         4
 Swiftness                Air            12%        N/A       16%         3

Inventory:

Hand Weapons
 d - a +1 quarterstaff (weapon)
 h - a +1 dagger of draining
Armour
 j - a +0 helmet (worn)
 w - the +3 leather armour of Popuodax (worn) {rF+ Int+6}
   (You found it on level 6 of the Dungeon)

   Int+6:     It affects your intelligence (+6).
   rF+:       It protects you from fire.
 F - a +1 cloak (worn)
Magical Staves
 s - a staff of air {!a}
 B - a staff of fire {!a}
Jewellery
 c - a ring of protection from cold
 f - an amulet of magic regeneration (around neck)
 I - a +6 ring of intelligence (left hand)
 L - a ring of flight (right hand)
Wands
 a - a wand of charming (19)
 i - a wand of flame (18)
 l - a wand of digging (6)
 D - a wand of roots (1)
 E - a wand of polymorph (12)
Scrolls
 e - a scroll of revelation
 m - a scroll of teleportation {@r2}
 n - 2 scrolls of blinking
 r - 3 scrolls of fog
 u - a scroll of torment {unknown}
 v - a scroll of immolation {unknown}
 y - a scroll of vulnerability
 G - a scroll of identify {@r1}
Potions
 b - 2 potions of magic
 g - 3 potions of lignification
 k - 2 potions of haste {unknown}
 o - 2 potions of ambrosia {unknown}
 p - 3 potions of brilliance {unknown}
 q - 3 potions of heal wounds {unknown}
 t - a potion of curing {@q1}
 x - a potion of invisibility {unknown}
 z - a potion of mutation {unknown}
 A - 2 potions of enlightenment {unknown}
 C - a potion of attraction {unknown}

Dungeon Overview and Level Annotations

Branches:
Dungeon (10/15)            Temple (0/1) D:5            Lair (0/5) D:8
    Orc (0/2) D:10        Ossuary (visited)          Bailey (1/1)

Altars:
Ashenzari
Elyvilon
Gozag
Okawaru
Qazlal
Ru
Vehumet

Shops:
D:10 [

Portals:
Abyss: D:9

Annotations:
D:2 1 runed translucent door, Crazy Yiuf
D:3 1 runed translucent door, biznut's ghost, amateur SpEn
D:9 2 transporters, hikkokomori's ghost, novice FoWn

▒....§§..▒▒..▒▒
▒....▒...▒....▒▒▒▒▒▒▒▒▒
▒....▒...............8▒
▒▒▒▒+▒......▒.........▒
▒8....▒▒...▒▒''▒▒▒
▒▒▒▒▒▒▒...▒▒....▒▒
▒8...)...▒▒......▒
▒.......8▒...▒▒...▒
▒▒▒▒▒▒▒▒▒▒.@▒▒ ▒..▒
▒.V▒ ..▒ ▒8.. .8▒ ▒▒:[.
▒▒ ▒▒.): ▒▒▒▒


You could see a vampire.


Message History

The walls around you are covered in ice.
The vampire resists.
The wall freezes the vampire!
The vampire hits you with a +1 vampiric glaive!
* * * LOW HITPOINT WARNING * * *
The vampire bites you.
* * * LOW HITPOINT WARNING * * *
The vampire draws strength from your injuries!
You feel better.
The vampire resists.
The wall freezes the vampire.
The vampire hits you with a +1 vampiric glaive!!
* * * LOW HITPOINT WARNING * * *
The vampire draws strength from your wounds!
The vampire barely misses you.
Unknown command.
Casting: Frozen Ramparts (safe; 1% risk of failure)
Confirm with . or Enter, or press ? or * to list all spells.
You erupt in a blast of force!
The mystic blast hits the vampire but does no damage.
The vampire is moderately damaged.
The wall freezes the vampire but does no damage.
The vampire hits you with a +1 vampiric glaive!
* * * LOW HITPOINT WARNING * * *
The vampire draws strength from your wounds!
The vampire barely misses you.
Casting: Iskenderun's Mystic Blast (mildly dangerous; 1% risk of failure)
Confirm with . or Enter, or press ? or * to list all spells.
You erupt in a blast of force!
The mystic blast hits the vampire but does no damage.
The wall freezes the vampire but does no damage.
The vampire hits you with a +1 vampiric glaive!
You die...

Skill      XL: |  1  2  3  4  5  6  7  8  9 10 11 |
---------------+----------------------------------+-----
Spellcasting   | 3 4 6 7 8 |  8.0
Ice Magic      | 6 |  6.1
Fighting       | 3 5 |  5.0
Fire Magic     | 2 3 4 5 |  5.0
Stealth        | 5 |  5.0
Conjurations   | 3 5 7 |  7.0
Translocations | 4 5 7 |  7.0
Evocations     | 2 4 |  4.0
Dodging        | 4 |  4.0
Staves         | 3 |  3.3
Alchemy        | 3 |  3.1

Action                     |  1- 3 |  4- 6 |  7- 9 | 10-12 || total
---------------------------+-------+-------+-------+-------++-------
  Melee: Unarmed           |     2 |       |       |       ||     2
         Quarterstaff      |    21 |    23 |    46 |    24 ||   114
   Cast: Freeze            |    30 |     2 |     2 |       ||    34
         Frozen Ramparts   |     4 |    26 |    37 |    21 ||    88
         Ozocubu's Armour  |     2 |     3 |     4 |     5 ||    14
         Foxfire           |       |    22 |   115 |    99 ||   236
         Scorch            |       |       |    31 |    36 ||    67
         Iskenderun's Myst |       |       |     3 |    45 ||    48
         Volatile Blastmot |       |       |       |     1 ||     1
         Irradiate         |       |       |       |     2 ||     2
Ability: Spit Poison       |     2 |     2 |     4 |     1 ||     9
  Evoke: Wand              |       |     5 |     5 |       ||    10
    Use: Potion            |       |     1 |     1 |     2 ||     4
         Scroll            |       |       |     9 |     1 ||    10
 Armour: Robe              |    32 |    21 |     9 |       ||    62
         Leather armour    |       |       |    36 |    81 ||   117
  Dodge: Dodged            |    20 |    12 |    24 |    39 ||    95

Levels and vault maps discovered:
D:1:      saegor_arrival_simple_c, layout_loops_ring, minmay_cut_off
D:2:      layout_basic, uniq_robin, uniq_crazy_yiuf_cottage
D:3:      layout_basic, gammafunk_temple_overflow_pools,
          hellmonk_ecumenical_altar_heavens_door, ebering_ghost_sewer_d,
          uniq_sigmund, uniq_terence
D:4:      layout_loops_cross
D:5:      layout_rooms, minmay_temple_entry_tees, uniq_eustachio, uniq_menkaure
D:6:      layout_loops_ring, nicolae_ashenzari_skybound, enter_ossuary_5,
          hangedman_abyss_or_decor_stabs, chequers_jeans, uniq_edmund
D:7:      layout_rooms, overflow_temple_1_default,
          mainiacjoe_overflow_boulevard, uniq_pikel
D:8:      kb_forest_paths, layout_basic, okawaru_trees_2, david_lair_shrubbed
D:9:      layout_irregular_city, serial_bayou, serial_bayou_lake_a,
          serial_bayou_lagoon_a, serial_bayou_pond_b, serial_bayou_shore_b,
          gammafunk_ghost_abyssal_escape, nicolae_figureground_sparkle
D:10:     layout_basic, kennysheep_mini_moat, orc_david_3, enter_bailey_2,
          kb_rosetta
Bailey:   bailey_polearm_vampire_castle_hellmonk, bailey

Notes
Turn   | Place    | Note
-------+----------+-------------------------------------------
     0 | D:1      | Drazool the Naga Ice Elementalist began the quest for the
                  | Orb.
     0 | D:1      | Reached XP level 1. HP: 15/15 MP: 3/3
   216 | D:1      | Reached XP level 2. HP: 22/22 MP: 3/5
   560 | D:1      | Reached skill level 3 in Spellcasting
   700 | D:1      | Reached XP level 3. HP: 28/28 MP: 5/7
   704 | D:1      | Learned a level 3 spell: Frozen Ramparts
   708 | D:1      | Learned a level 3 spell: Ozocubu's Armour
   948 | D:2      | Noticed Robin
   962 | D:2      | Killed Robin
   964 | D:2      | Reached XP level 4. HP: 24/36 MP: 8/8
  1105 | D:2      | Reached skill level 5 in Ice Magic
  1181 | D:2      | Found a runed translucent door.
  1182 | D:2      | Noticed Crazy Yiuf
  1973 | D:3      | Found a runed translucent door.
  2114 | D:3      | Noticed Sigmund
  2122 | D:3      | Killed Sigmund
  2123 | D:3      | Reached skill level 6 in Ice Magic
  2123 | D:3      | Reached skill level 3 in Fighting
  2123 | D:3      | Reached XP level 5. HP: 36/49 MP: 9/9
  2123 | D:3      | Reached XP level 6. HP: 42/56 MP: 10/10
  2574 | D:3      | Found a faded altar of an unknown god.
  2578 | D:3      | Prayed at the altar of an unknown god.
  2578 | D:3      | Became a worshipper of Vehumet
  2578 | D:3      | Reached * piety under Vehumet
  2578 | D:3      | Offered knowledge of Foxfire by Vehumet.
  2581 | D:3      | Learned a level 1 spell: Foxfire
  2614 | D:3      | Noticed Terence
  2620 | D:3      | Killed Terence
  2826 | D:3      | Found a white marble altar of Elyvilon.
  2826 | D:3      | Found a sacrificial altar of Ru.
  3097 | D:3      | Noticed biznut's ghost (amateur SpEn)
  3481 | D:4      | Reached skill level 4 in Spellcasting
  3560 | D:4      | Reached XP level 7. HP: 50/62 MP: 10/13
  3677 | D:4      | Reached skill level 5 in Spellcasting
  3956 | D:5      | Entered Level 5 of the Dungeon
  4014 | D:5      | Noticed Eustachio
  4021 | D:5      | Killed Eustachio
  4065 | D:5      | Reached skill level 6 in Spellcasting
  4114 | D:5      | Reached skill level 2 in Fire Magic
  4114 | D:5      | Reached XP level 8. HP: 55/69 MP: 11/17
  4114 | D:5      | Offered knowledge of Scorch by Vehumet.
  4118 | D:5      | Learned a level 2 spell: Scorch
  4335 | D:5      | Noticed Menkaure
  4339 | D:5      | Killed Menkaure
  4340 | D:5      | Reached skill level 3 in Fire Magic
  4340 | D:5      | Reached skill level 4 in Stealth
  4351 | D:5      | Reached ** piety under Vehumet
  4355 | D:5      | Found a staircase to the Ecumenical Temple.
  4543 | D:5      | Reached skill level 5 in Stealth
  4553 | D:5      | Reached skill level 1 in Conjurations
  4585 | D:5      | Reached skill level 2 in Conjurations
  4651 | D:6      | Reached skill level 3 in Conjurations
  4738 | D:6      | Found a sand-covered staircase.
  4743 | Ossuary  | Entered an ossuary
  4824 | Ossuary  | Offered knowledge of Volatile Blastmotes by Vehumet.
  4829 | Ossuary  | Learned a level 3 spell: Volatile Blastmotes
  4943 | Ossuary  | Reached skill level 1 in Translocations
  4948 | Ossuary  | Reached skill level 2 in Translocations
  4949 | Ossuary  | Reached *** piety under Vehumet
  5186 | D:6      | Found a broken altar of Ashenzari.
  5230 | D:6      | Reached skill level 3 in Translocations
  5265 | D:6      | Reached skill level 4 in Translocations
  5266 | D:6      | Reached XP level 9. HP: 71/75 MP: 18/18
  5294 | D:6      | Reached skill level 4 in Conjurations
  5349 | D:6      | Noticed Edmund
  5363 | D:6      | Killed Edmund
  5526 | D:6      | Identified the +3 leather armour of Popuodax {rF+ Int+6}
  5534 | D:6      | Reached skill level 5 in Conjurations
  5946 | D:7      | Reached skill level 4 in Fire Magic
  6006 | D:7      | Found a stormy altar of Qazlal.
  6101 | D:7      | Reached skill level 4 in Fighting
  6136 | D:7      | Found an opulent altar of Gozag.
  6160 | D:7      | Offered knowledge of Iskenderun's Mystic Blast by Vehumet.
  6173 | D:7      | Learned a level 4 spell: Iskenderun's Mystic Blast
  6182 | D:7      | Noticed Pikel
  6194 | D:7      | Killed Pikel
  6195 | D:7      | Reached skill level 5 in Fighting
  6312 | D:7      | Reached skill level 7 in Spellcasting
  6346 | D:7      | Reached skill level 5 in Translocations
  6611 | D:8      | Reached skill level 1 in Evocations
  6616 | D:8      | Reached skill level 2 in Evocations
  6616 | D:8      | Reached XP level 10. HP: 88/88 MP: 17/20
  6778 | D:8      | Reached skill level 3 in Evocations
  6801 | D:8      | Reached skill level 4 in Evocations
  6801 | D:8      | Reached skill level 2 in Dodging
  6973 | D:8      | Found a staircase to the Lair.
  7031 | D:8      | Found an iron altar of Okawaru.
  7075 | D:8      | Reached skill level 3 in Dodging
  7083 | D:8      | Reached skill level 4 in Dodging
  7087 | D:8      | Reached skill level 6 in Translocations
  7236 | D:8      | Reached skill level 7 in Translocations
  7261 | D:8      | Noticed a cyan ugly thing
  7278 | D:8      | Killed a cyan ugly thing
  7279 | D:8      | Reached skill level 6 in Conjurations
  7391 | D:8      | Reached **** piety under Vehumet
  7392 | D:8      | Reached skill level 7 in Conjurations
  7398 | D:8      | Reached XP level 11. HP: 94/94 MP: 12/21
  7503 | D:8      | Reached skill level 5 in Fire Magic
  7503 | D:8      | Reached skill level 1 in Staves
  7614 | D:8      | Reached skill level 2 in Staves
  8110 | D:9      | Offered knowledge of Irradiate by Vehumet.
  8317 | D:9      | Reached skill level 3 in Staves
  8352 | D:9      | Found a transporter.
  8353 | D:9      | Noticed a large abomination
  8433 | D:9      | Noticed a rakshasa
  8444 | D:9      | Found a one-way gate to the infinite horrors of the Abyss.
  8444 | D:9      | Noticed hikkokomori's ghost (novice FoWn)
  8454 | D:9      | Found a transporter.
  8930 | D:9      | Learned a level 5 spell: Irradiate
  9069 | D:10     | Entered Level 10 of the Dungeon
  9098 | D:10     | Found Beotubulu's Armour Boutique.
  9183 | D:10     | Found a flagged portal.
  9190 | Bailey   | Entered a bailey
  9312 | Bailey   | Reached ***** piety under Vehumet
  9312 | Bailey   | Offered knowledge of Starburst by Vehumet.
  9329 | Bailey   | Reached skill level 8 in Spellcasting
  9329 | Bailey   | Reached skill level 1 in Alchemy
  9336 | Bailey   | Reached skill level 2 in Alchemy
  9366 | Bailey   | Reached skill level 3 in Alchemy
  9391 | Bailey   | HP: 7/94 [vampire/+1 vampiric glaive (15)]
  9392 | Bailey   | Slain by a vampire

Vanquished Creatures
  Pikel (D:7)
  An ugly thing (D:8)
  A gargoyle (Bailey)
  A komodo dragon (D:8)
  Sigmund (D:3)
  7 spriggans (D:8)
  2 wyverns
  Eustachio (D:5)
  A wraith (D:9)
  A steam dragon (D:8)
  10 yaks (D:8)
  Menkaure (D:5)
  Edmund (D:6)
  An acid dragon (D:9)
  2 water moccasins
  An ice beast (D:8)
  4 orc warriors
  2 ogres
  A black bear (D:6)
  4 centaurs
  3 lemures (D:7)
  A phantom (D:7)
  4 kobold brigands
  2 bullfrogs
  A gnoll sergeant (D:9)
  3 scorpions
  A burial acolyte (Ossuary)
  6 wights
  5 killer bees
  8 vampire bats (Bailey)
  An electric eel (D:9)
  4 howler monkeys
  A bombardier beetle (D:4)
  4 jellies
  2 hounds
  5 orc priests
  A gnoll bouda (D:9)
  Terence (D:3)
  3 iguanas (D:5)
  2 sleepcaps
  10 orc wizards
  A mummy (Ossuary)
  Robin (D:2)
  6 adders
  10 gnolls (D:9)
  A shadow imp (D:8)
  2 ufetubi (D:6)
  A ribbon worm (D:2)
  3 dart slugs
  34 orcs
  5 endoplasms
  3 giant cockroaches
  16 goblins
  10 hobgoblins
  5 jackals
  5 quokkas
  7 ball pythons
  4 bats
  3 frilled lizards
  8 gnoll skeletons (Ossuary)
  26 kobolds
  3 kobold skeletons (Ossuary)
  9 orc skeletons (Ossuary)
  17 orc zombies (Bailey)
  6 rats
298 creatures vanquished.

Vanquished Creatures (collateral kills)
  4 foxfires
4 creatures vanquished.

Vanquished Creatures (others)
  397 foxfires
397 creatures vanquished.

Grand Total: 699 creatures vanquished

Table legend: (Time is in decaauts)
 A = Elapsed time spent in this place.
 B = Non-inter-level travel time spent in this place.
 C = Inter-level travel time spent in this place.
 D = Time resting spent in this place.
 E = Time spent auto-exploring this place.
 F = Levels seen in this place.
 G = Mean time per level.
                   A        B        C        D        E       F      G
               +--------+--------+--------+--------+--------+-----+--------+
         Total |  11949 |  11492 |    457 |    649 |   8760 |  12 |  995.8 |
       Dungeon |  11347 |  10890 |    457 |    647 |   8454 |  10 | 1134.7 |
       Ossuary |    361 |    361 |      0 |      0 |    198 |   1 |  361.0 |
        Bailey |    239 |    239 |      0 |      2 |    108 |   1 |  239.0 |
               +--------+--------+--------+--------+--------+-----+--------+

Top non-repeatable levels by time:
     D:3: 1734 daAuts
     D:8: 1702 daAuts
     D:9: 1420 daAuts
     D:2: 1268 daAuts
     D:6: 1260 daAuts
     D:4: 1166 daAuts
     D:1: 1073 daAuts
     D:7: 833 daAuts
     D:5: 791 daAuts
 Ossuary: 361 daAuts
  Bailey: 239 daAuts
    D:10: 97 daAuts

Table legend:
 A = Non-vault XP
 B = Vault XP
 C = Vault XP percentage of total XP
 D = Non-vault monster count
 E = Vault monster count
 F = Vault count percentage of total count
                 A         B        C        D         E       F
            +---------+---------+-------+---------+---------+-------
      Total |    6832 |    6421 |  48.4 |     197 |      98 |  33.2
            +---------+---------+-------+---------+---------+-------
        D:1 |      32 |       6 |  15.8 |      22 |       4 |  15.4
        D:2 |      76 |      38 |  33.3 |      19 |      13 |  40.6
        D:3 |      31 |     267 |  89.6 |      12 |       2 |  14.3
        D:4 |     353 |       0 |   0.0 |      20 |       0 |   0.0
        D:5 |     482 |     374 |  43.7 |      20 |       2 |   9.1
        D:6 |     853 |     166 |  16.3 |      22 |       1 |   4.3
        D:7 |     859 |     629 |  42.3 |      18 |       1 |   5.3
        D:8 |    2571 |    3285 |  56.1 |      29 |      18 |  38.3
        D:9 |    1290 |     277 |  17.7 |      25 |       2 |   7.4
       D:10 |     285 |     145 |  33.7 |      10 |       5 |  33.3
    Ossuary |       0 |     266 | 100.0 |       0 |      24 | 100.0
     Bailey |       0 |     968 | 100.0 |       0 |      26 | 100.0
            +---------+---------+-------+---------+---------+-------
